 Dungeon Crawl Stone Soup version 0.18.1-8-gdd0e5ea (console) character file.

8680 Kloppie the Fighter (level 11, -4/104 HPs)
             Began as a Hill Orc Berserker on June 8, 2016.
             Was a High Priest of Trog.
             Slain by a six-headed hydra (6 damage)
             ... on level 1 of the Lair of Beasts.
             The game lasted 00:19:50 (8829 turns).

Kloppie the Fighter (Hill Orc Berserker)            Turns: 8829, Time: 00:19:50

Health: -4/104     AC: 19    Str: 21    XL:     11   Next: 34%
Magic:  20/20      EV: 11    Int:  7    God:    Trog [*****.]
Gold:   608        SH:  0    Dex: 13    Spells: 0 memorised, 10 levels left

rFire  . . .     SeeInvis +     a - +8 whip "Snakebite" {curare, rPois}
rCold  . . .     Gourm    .     h - +3 ring mail
rNeg   . . .     Faith    .     (no shield)
rPois  +         Spirit   .     (no helmet)
rElec  .         Dismiss  .     s - +2 cloak
rCorr  .         Reflect  .     (no gloves)
SustAt .         Harm     .     p - +1 pair of boots
MR     ++...                    H - amulet of regeneration
Stlth  +.........               v - ring of Nemelex Xobeh's Regard {MP+9 Slay+2 SInv}
                                j - +3 ring of protection

@: regenerating, very resistant to hostile enchantments, very unstealthy
A: wild magic 1
a: Berserk, Trog's Hand, Brothers in Arms, Burn Spellbooks, Renounce Religion


You were on level 1 of the Lair of Beasts.
You worshipped Trog.
Trog was extremely pleased with you.
You were hungry.

You visited 2 branches of the dungeon, and saw 10 of its levels.

You collected 608 gold pieces.

Inventory:

Hand Weapons
 a - the +8 whip "Snakebite" (weapon) {curare, rPois}
   (You found it on level 6 of the Dungeon)

   It poisons the flesh of those it strikes.
   It protects you from poison.
 b - a +2 hand axe of flaming
 D - the +8 mace "Carch" {crush, rN+ Str+5, unknown}
   (You found it on level 6 of the Dungeon)

   It inflicts extra damage upon your enemies.
   It affects your strength (+5).
   It protects you from negative energy.
 E - the +7 mace of the Heavens {drain, *Rage +Blink Int+4, unknown}
   (You found it on level 6 of the Dungeon)

   A truly terrible weapon, it drains the life of those it strikes.
   It affects your intelligence (+4).
   It lets you blink.
   It may make you go berserk in combat.
 F - a +0 war axe of chaos
 M - a +5 antimagic great mace
Missiles
 L - a throwing net (quivered)
Armour
 h - a +3 ring mail (worn)
 p - a +1 pair of boots (worn)
 s - a +2 cloak (worn)
 K - a +0 large shield
Jewellery
 j - a +3 ring of protection (left hand)
 v - the ring of Nemelex Xobeh's Regard (right hand) {MP+9 Slay+2 SInv}
   (You found it on level 7 of the Dungeon)

   [ring of magical power]

   It affects your accuracy and damage with ranged weapons and melee attacks
   (+2).
   It affects your magic capacity (+9).
   It lets you see invisible.
 H - an amulet of regeneration (around neck)
Wands
 e - a wand of digging (9/24)
 C - a wand of paralysis (7/24)
Scrolls
 f - a scroll of fog
 k - 2 scrolls of immolation
 l - 2 scrolls of recharging
 u - 2 scrolls of magic mapping
 w - 2 scrolls of remove curse
 y - 4 scrolls of teleportation
Potions
 g - 3 potions of curing {unknown}
 m - 3 potions of might {unknown}
 n - a potion of cancellation
 o - 2 potions of brilliance {unknown}
 q - 2 potions of haste
 r - 2 potions of heal wounds
 x - 2 potions of lignification {unknown}
 B - 3 potions of invisibility {unknown}
 O - a potion of flight {unknown}
Comestibles
 c - 10 bread rations
 i - 11 slices of pizza
 t - 4 meat rations
 G - a royal jelly
 N - 2 beef jerkies


   Skills:
 + Level 12.3 Fighting
 - Level 9.5(11.1) Axes
 + Level 8.0(9.5) Maces & Flails
 + Level 11.1 Armour
 - Level 1.5 Dodging


You had 10 spell levels left.
You didn't know any spells.

Dungeon Overview and Level Annotations

Branches:
Dungeon (9/15)             Temple (0/1) D:7            Lair (1/8) D:9
    Orc: D:9-12

Altars:
Ashenzari
Elyvilon
Gozag
Kikubaaqudgha
Nemelex Xobeh
Okawaru
Pakellas
Ru
Vehumet
Yredelemnul
Zin
The Shining One

Annotations:
D:5 exclusion: statue
Lair:1 Nergalle


Innate Abilities, Weirdness & Mutations

Your spells are a little harder to cast, but a little more powerful.


Message History

The six-headed hydra bites you.
* * * LOW HITPOINT WARNING * * *
The six-headed hydra barely misses you. x2
The six-headed hydra bites you but does no damage.
The six-headed hydra bites you!
* * * LOW HITPOINT WARNING * * *
The six-headed hydra bites you!
* * * LOW HITPOINT WARNING * * *
Your skin crawls.
You feel resistant to hostile enchantments.
You feel slightly more hungry.
The spectral orc warrior completely misses you.
The six-headed hydra bites you.
* * * LOW HITPOINT WARNING * * *
The six-headed hydra barely misses you. x2; The six-headed hydra bites you!
* * * LOW HITPOINT WARNING * * *
The six-headed hydra bites you!
* * * LOW HITPOINT WARNING * * *
The six-headed hydra bites you.
You die...

#####.# .... ###.#P#..
...% #.......# #..#
##.####### ##...# #..#
#....# ####.# #.##o#
#P#..## #.##D# #.....#
#.##@# #..#### #.##Z#
#.## #.##Z# #.# #.##.##
#.# #.# #....P####.## #.#
#...........# #.##
##.##P###P.## . #..#
##.#.######..#
..#####..###.###...###..#


You could see a six-headed hydra, Nergalle, a spectral orc warrior and a
spectral orc knight.

Vanquished Creatures
  Erolcha (D:8)
  The ghost of blejac99 the Grave Robber, a novice HuNe of Ashenzari (D:6)
  A komodo dragon (Lair:1)
  A human (D:8)
  12 yaks (D:9)
  Grum (D:8)
  2 hippogriffs
  Menkaure (D:4)
  A water moccasin (Lair:1)
  5 porcupines (D:9)
  An orc warrior (D:7)
  4 sky beasts
  2 ice beasts
  A black bear (D:7)
  2 necrophages (D:7)
  3 phantoms
  The ghost of Kloppie the Chopper, an amateur HOGl (D:4)
  4 ogres
  4 wolves (D:8)
  3 centaurs
  3 crocodiles (D:9)
  A big kobold (D:9)
  3 giant frogs
  2 water moccasin skeletons
  2 scorpions (D:4)
  3 killer bees (D:7)
  3 howler monkeys
  4 crimson imps
  2 giant frog zombies
  A quasit (D:9)
  A centaur skeleton (D:5)
  3 hounds
  Crazy Yiuf (D:6)
  A gnoll shaman (D:9)
  A jelly (D:8)
  2 orc priests
  An orc wizard (D:6)
  Jessica (D:3)
  3 iguanas
  9 worker ants
  4 sheep (D:8)
  A hound skeleton (D:7)
  12 adders
  8 gnolls
  3 river rats (D:9)
  2 shadow imps (D:8)
  3 oozes
  2 adder skeletons
  3 worms
  5 dart slugs
  6 giant geckos
  25 orcs
  3 bat zombies (D:4)
  6 giant cockroaches
  19 goblins
  9 hobgoblins
  8 jackals
  18 kobolds
  2 quokkas
  2 ball pythons
  6 bats
  2 giant gecko skeletons (D:4)
  7 giant newts
  A quokka zombie (D:6)
  8 rats
263 creatures vanquished.

Vanquished Creatures (others)
  A ghoul (D:1)
  A minotaur (D:1)
  An octopode (D:1)
  A formicid (D:1)
  2 vampires (D:1)
  A spriggan (D:1)
  2 nagas (D:1)
  An ogre (D:1)
  3 centaurs (D:1)
  An orc (D:1)
  A kobold (D:1)
  A bush (D:9)
  4 plants (D:9)
  5 tentacles (D:1)
  55 tentacle segments (D:1)
80 creatures vanquished.

Grand Total: 343 creatures vanquished

Notes
Turn   | Place    | Note
--------------------------------------------------------------
     0 | D:1      | Kloppie the Hill Orc Berserker began the quest for the Orb.
     0 | D:1      | Reached XP level 1. HP: 19/19 MP: 1/1
     2 | D:1      | Noticed a naga
     2 | D:1      | Noticed a naga
     2 | D:1      | Noticed a formicid
     2 | D:1      | Noticed a centaur
     2 | D:1      | Noticed a ghoul
     2 | D:1      | Noticed a minotaur
     2 | D:1      | Noticed a kraken
     2 | D:1      | Noticed an ogre
     2 | D:1      | Noticed a centaur
     2 | D:1      | Noticed an octopode
     2 | D:1      | Noticed a spriggan
     2 | D:1      | Noticed a vampire
     2 | D:1      | Noticed a centaur
     2 | D:1      | Noticed a vampire
     3 | D:1      | Killed a naga
     5 | D:1      | Killed a naga
     5 | D:1      | Killed a centaur
     6 | D:1      | Killed an octopode
     8 | D:1      | Killed a formicid
     9 | D:1      | Killed an ogre
     9 | D:1      | Killed a centaur
     9 | D:1      | Killed a spriggan
    10 | D:1      | Killed a minotaur
    10 | D:1      | Killed a vampire
    11 | D:1      | Killed a vampire
    13 | D:1      | Killed a centaur
    15 | D:1      | Killed a ghoul
   127 | D:1      | Reached XP level 2. HP: 27/27 MP: 2/2
   376 | D:1      | Reached skill level 4 in Fighting
   384 | D:1      | Reached ** piety under Trog
   437 | D:1      | Reached XP level 3. HP: 19/33 MP: 3/3
  1107 | D:2      | Reached XP level 4. HP: 38/40 MP: 4/4
  1185 | D:2      | Reached skill level 5 in Axes
  1306 | D:2      | Found an ancient bone altar of Kikubaaqudgha.
  1940 | D:3      | Reached *** piety under Trog
  2268 | D:3      | Reached XP level 5. HP: 44/47 MP: 5/5
  2341 | D:3      | Reached skill level 5 in Fighting
  2374 | D:3      | Found a faded altar to an unknown god.
  2674 | D:3      | Noticed Jessica
  2678 | D:3      | Killed Jessica
  2975 | D:4      | Found an opulent altar of Gozag.
  3015 | D:4      | Noticed an ogre
  3027 | D:4      | Killed an ogre
  3027 | D:4      | Reached XP level 6. HP: 57/57 MP: 6/6
  3045 | D:4      | Noticed Menkaure
  3100 | D:4      | Killed Menkaure
  3100 | D:4      | Reached skill level 6 in Fighting
  3216 | D:4      | Reached XP level 7. HP: 9/64 MP: 7/7
  3504 | D:4      | Reached skill level 5 in Armour
  4011 | D:4      | Reached skill level 7 in Fighting
  4013 | D:4      | Reached **** piety under Trog
  4364 | D:4      | Reached XP level 8. HP: 73/73 MP: 8/8
  4500 | D:4      | Noticed Kloppie's ghost (amateur HOGl)
  4507 | D:4      | Killed Kloppie's ghost
  4592 | D:4      | Found an ancient bone altar of Kikubaaqudgha.
  4695 | D:5      | Entered Level 5 of the Dungeon
  5133 | D:5      | Found a radiant altar of Vehumet.
  5192 | D:5      | Reached skill level 8 in Fighting
  5260 | D:5      | Found an oddly glowing altar of Pakellas.
  5539 | D:6      | Noticed blejac99's ghost (novice HuNe)
  5543 | D:6      | Noticed Crazy Yiuf
  5550 | D:6      | Killed blejac99's ghost
  5550 | D:6      | Reached XP level 9. HP: 82/82 MP: 9/9
  5555 | D:6      | Killed Crazy Yiuf
  5562 | D:6      | Got a bloodstained mace
  5564 | D:6      | Got a jewelled mace
  5813 | D:6      | Reached skill level 9 in Fighting
  6215 | D:6      | Reached skill level 1 in Maces & Flails
  6384 | D:7      | Reached ***** piety under Trog
  6422 | D:7      | Found a staircase to the Ecumenical Temple.
  6583 | D:7      | Got a wavering copper ring
  6584 | D:7      | Identified the ring of Nemelex Xobeh's Regard {MP+9 Slay+2 SInv} (You found it on level 7 of the Dungeon)
  6675 | D:7      | Found a glowing golden altar of the Shining One.
  6675 | D:7      | Found a white marble altar of Elyvilon.
  6675 | D:7      | Found a glowing silver altar of Zin.
  6723 | D:7      | Reached skill level 10 in Fighting
  6732 | D:7      | Found a basalt altar of Yredelemnul.
  6742 | D:7      | Found a sparkling altar of Nemelex Xobeh.
  7038 | D:7      | Reached XP level 10. HP: 93/93 MP: 10/10
  7160 | D:8      | Noticed Erolcha
  7172 | D:8      | Killed Erolcha
  7172 | D:8      | Reached skill level 5 in Maces & Flails
  7342 | D:8      | Noticed Grum
  7350 | D:8      | Reached skill level 11 in Fighting
  7353 | D:8      | Reached skill level 10 in Armour
  7365 | D:8      | Killed Grum
  7487 | D:8      | Found a shattered altar of Ashenzari.
  7525 | D:8      | Gained mutation: Your spells are a little harder to cast, but a little more powerful. [potion of beneficial mutation]
  7535 | D:9      | Found an iron altar of Okawaru.
  7601 | D:9      | Received a gift from Trog
  7753 | D:9      | Found a staircase to the Lair.
  7775 | D:9      | Reached XP level 11. HP: 60/103 MP: 11/11
  7814 | D:9      | Reached skill level 12 in Fighting
  7968 | D:9      | Found a sacrificial altar of Ru.
  7968 | D:9      | Found an opulent altar of Gozag.
  8556 | Lair:1   | Entered Level 1 of the Lair of Beasts
  8809 | Lair:1   | Noticed a six-headed hydra
  8816 | Lair:1   | Noticed Nergalle
  8829 | Lair:1   | HP: 2/104 [six-headed hydra (7)]
  8829 | Lair:1   | Slain by a six-headed hydra

Skill      XL: |  1  2  3  4  5  6  7  8  9 10 11 |
---------------+----------------------------------+-----
Fighting       | 4 5 6 7 8 10 11 12 | 12.3
Armour         | 3 4 5 7 9 10 11 | 11.1
Axes           | 5 6 7 9 |  9.5
Maces & Flails | 4 7 8 |  8.0
Dodging        | |  1.5

Action                   |  1- 3 |  4- 6 |  7- 9 | 10-12 || total
-------------------------+-------+-------+-------+-------++-------
Melee: Hand axe          |   126 |    59 |       |       ||   185
       War axe           |       |   101 |   262 |       ||   363
       Whip              |       |       |   106 |   253 ||   359
Invok: Berserk           |     2 |     4 |     3 |       ||     9
       Trog's Hand       |       |       |       |     1 ||     1
  Use: Scroll            |     3 |       |    14 |     4 ||    21
       Potion            |       |       |       |     1 ||     1
 Stab: Sleeping          |     1 |     1 |       |       ||     2
       Distracted        |       |     1 |       |       ||     1
       Petrifying        |       |       |     1 |       ||     1
       Paralysed         |       |       |     1 |       ||     1
  Eat: Chunk             |     2 |     9 |    16 |     6 ||    33
       Beef jerky        |       |     1 |       |       ||     1
Armor: Animal skin       |    17 |    12 |       |       ||    29
       Ring mail         |       |    15 |    86 |   117 ||   218
       Chain mail        |       |     6 |   139 |       ||   145
Dodge: Dodged            |    85 |    89 |   150 |   125 ||   449
